 Dungeon Crawl Stone Soup version 0.28.0-43-g3370ac3207 (webtiles) character file.

Game seed: 17431824566607113111

8421 pkoi the Grappler (level 11, -27/85 HPs)
             Began as a Purple Draconian Monk on Mar 19, 2022.
             Was an Elder of Hepliaklqana.
             Annihilated by a boulder beetle (38 damage)
             ... on level 10 of the Dungeon.
             The game lasted 00:16:42 (12005 turns).

pkoi the Grappler (Purple Draconian Monk)          Turns: 12005, Time: 00:16:42

Health: -27/85     AC: 10    Str: 14    XL:     11   Next: 9%
Magic:  23/23      EV: 16    Int: 15    God:    Hepliaklqana [****..]
Gold:   709        SH:  0    Dex: 13    Spells: 16/26 levels left

rFire   . . .      SeeInvis .   i - +3 spear (venom)
rCold   + . .      Faith    .   (no shield)
rNeg    . . .      Spirit   .   (armour unavailable)
rPois   .          Reflect  .   (helmet restricted)
rElec   .          Harm     .   g - +1 cloak
rCorr   .          Rampage  .   r - +0 pair of gloves
Will    +....                   (no boots)
Stlth   ++........              A - amulet of magic regeneration
HPRegen 0.24/turn               a - +4 ring of evasion
MPRegen 0.58/turn               l - ring of protection from cold

@: short of breath
A: reduced essence, breathe power, AC +7, unfitting armour, cold-blooded
a: Breathe Dispelling Energy, Renounce Religion, Recall Ancestor, Ancestor
Identity, Transference, Idealise


You were on level 10 of the Dungeon.
You worshipped Hepliaklqana.
Hepliaklqana was greatly pleased with you.
You visited 2 branches of the dungeon, and saw 11 of its levels.
You also visited: Bailey.

You collected 709 gold pieces.

Inventory:

Hand Weapons
 i - a +3 spear of venom (weapon)
 o - a +5 scythe of freezing
Missiles
 j - 7 boomerangs
Armour
 g - a +1 cloak (worn)
 r - a +0 pair of gloves (worn)
Jewellery
 a - a +4 ring of evasion (left hand)
 b - a +6 ring of dexterity
 l - a ring of protection from cold (right hand)
 u - a +6 ring of intelligence
 z - a ring of resist corrosion
 A - an amulet of magic regeneration (around neck)
Wands
 q - a wand of paralysis (6)
 x - a wand of digging (5)
 F - a wand of polymorph (5)
Scrolls
 c - a scroll of amnesia
 h - 3 scrolls of teleportation
 k - 2 scrolls of enchant armour
 p - 2 scrolls of blinking
 s - a scroll of fog
 t - a scroll of fear
 v - a scroll of holy word
 y - 3 scrolls of enchant weapon
 B - a scroll of identify
 E - a scroll of noise {unknown}
Potions
 d - 2 potions of cancellation
 e - 4 potions of curing
 f - 3 potions of might
 m - a potion of lignification
 n - 2 potions of attraction
 w - 3 potions of heal wounds
 C - a potion of invisibility
 D - a potion of brilliance


   Skills:
 - Level 8.3 Fighting
 - Level 2.6 Dodging
 - Level 1.7 Stealth
 + Level 10.9 Unarmed Combat
 - Level 8.0 Spellcasting
 + Level 3.1 Hexes
 + Level 1.5 Summonings
 - Level 7.2 Transmutations
 + Level 2.9 Earth Magic
 - Level 3.0 Invocations


You had 16 spell levels left.
You knew the following spells:

 Your Spells              Type           Power      Damage    Failure   Level
a - Beastly Appendage     Tmut           54%        N/A       1%          1
b - Wereblood             Tmut           27%        N/A       1%          2
c - Leda's Liquefaction   Hex/Erth       7%         N/A       34%         4
d - Summon Guardian Gole  Hex/Summ       13%        N/A       14%         3

Your spell library contained the following spells:

 Spells                   Type           Power      Damage    Failure   Level
 Passwall                 Tmut/Erth      17%        N/A       2%          2
 Sandblast                Erth           28%        2d8       3%          1
 Spider Form              Tmut/Pois      16%        N/A       9%          3
 Call Canine Familiar     Summ           10%        N/A       19%         3
 Portal Projectile        Hex/Tloc       20%        N/A       19%         3
 Stone Arrow              Conj/Erth      20%        3d8       21%         3
 Orb of Destruction       Conj           3%         9d5       100%        7
 Spellforged Servitor     Conj/Summ      4%         N/A       100%        7


Dungeon Overview and Level Annotations

Branches:
Dungeon (10/15)            Temple (1/1) D:4             Orc (0/2) D:9
 Bailey (visited)
   Lair: D:8-11

Altars:
Ashenzari
Cheibriados
Dithmenos
Elyvilon
Fedhas
Gozag
Hepliaklqana
Kikubaaqudgha
Makhleb
Nemelex Xobeh
Okawaru
Qazlal
Ru
Sif Muna
Trog
Uskayaw
Vehumet
Wu Jian
Xom
Yredelemnul
Zin
The Shining One

Shops:
D:8 [   D:9 [*   D:10 [

Annotations:
D:1 Terence


Innate Abilities, Weirdness & Mutations

Your life essence is reduced to manifest your ancestor. (-10% HP)
You can breathe bolts of dispelling energy.
Your rich purple scales are hard. (AC +7)
You cannot fit into any form of body armour.
You are cold-blooded and may be slowed by cold attacks.


Message History

Aim: a boulder beetle (moderately wounded, ally target, about 9% to evade your +3 spear of venom)
You reach to attack!
You hit the boulder beetle but do no damage.
The boulder beetle is moderately wounded.
The boulder beetle bites Cia.
Flame seeps out of your guardian golem.
Your guardian golem is engulfed in blazing flames.
Flame seeps out of your guardian golem.
Cia hits the boulder beetle but does no damage.
Reach: i) +3 spear (venom)
Press: ? - help, Dir - move target, f/p - boulder beetle
Aim: a boulder beetle (moderately wounded, ally target, about 9% to evade your +3 spear of venom)
You could not reach far enough!
The boulder beetle bites Cia!!
Cia is destroyed!
Your guardian golem disappears in a puff of smoke!
Your guardian golem explodes!
The fiery explosion engulfs you!!
* * * LOW HITPOINT WARNING * * *
The fiery explosion engulfs the boulder beetle!
Unknown command.
Reach: i) +3 spear (venom)
Press: ? - help, Dir - move target, f/p - boulder beetle
Aim: a boulder beetle (flame, heavily wounded, about 9% to evade your +3 spear of venom)
You reach to attack!
You hit the boulder beetle but do no damage.
The boulder beetle is poisoned.
The boulder beetle is heavily wounded.
The boulder beetle curls into a ball and begins rolling!
The boulder beetle is engulfed in blazing flames.
Blink to where?
Press: ? - help, Dir - move target, p - boulder beetle
As you read the scroll of blinking, it crumbles to dust.
F - a wand of polymorph (5)
Aiming: Breathe Dispelling Energy (3% risk of failure)
Press: ? - help, Shift-Dir - straight line, f - boulder beetle
Aim: a boulder beetle (almost dead, rolling, very poisoned, 100% to hit)
You breathe a bolt of dispelling energy.
The bolt of dispelling energy hits the boulder beetle.
The boulder beetle is almost dead.
The boulder beetle hits you!!!
You die...

.......§}.#
#.#####.#.#
#§).# #§..#
#.°## #.°# ##
#!○###...##
#.B........
##@###...## #.#
#.## #.# #.#
#.# #.# #.# #.#
######.####.##
..............#
#######.#####.#
#.# #.#####


You could see a boulder beetle (rolling, poisoned).

Vanquished Creatures
  2 wyverns
  3 yaks (D:9)
  3 humans (Bailey)
  A steam dragon (D:7)
  3 water moccasins
  A sky beast (D:7)
  3 orc warriors
  A necrophage (D:6)
  A centaur (D:8)
  2 ogres
  A kobold brigand (D:8)
  6 bullfrogs
  A scorpion (D:4)
  2 water moccasin skeletons
  3 killer bees (D:9)
  A howler monkey (D:10)
  2 hounds
  3 centaur zombies
  3 orc priests
  A jelly (D:5)
  3 iguanas
  2 orc wizards
  A howler monkey zombie (D:7)
  7 gnolls
  A howler monkey skeleton (D:5)
  7 adders
  2 shadow imps
  A white imp (D:6)
  An ufetubus (D:4)
  2 adder skeletons (D:4)
  3 worms
  2 dart slugs
  20 orcs
  4 ball pythons
  7 bats
  8 endoplasms
  5 giant cockroaches
  5 goblins
  8 hobgoblins
  3 jackals (D:3)
  8 kobolds
  4 quokkas
  5 frilled lizards
  4 rats
156 creatures vanquished.

Vanquished Creatures (collateral kills)
  A two-headed ogre (D:10)
  Maggie (D:6)
  A hornet (D:10)
  Prince Ribbit (Bailey)
  Sigmund (D:5)
  2 wraiths
  A yak (D:9)
  3 humans (Bailey)
  2 steam dragons
  A water moccasin (D:7)
  An ice beast (D:5)
  A centaur (D:6)
  2 ogres
  2 phantoms
  Blork the orc (D:4)
  6 bullfrogs
  A scorpion (D:6)
  A gnoll sergeant (D:8)
  3 killer bees (D:9)
  A centaur zombie (D:5)
  2 hounds
  A centaur skeleton (D:5)
  2 orc priests
  An iguana (D:5)
  An orc wizard (D:8)
  A hound skeleton (D:4)
  A gnoll (D:8)
  A shadow imp (D:6)
  9 orcs
  A ball python (D:4)
  2 endoplasms (D:4)
  A goblin (D:4)
  A kobold (D:4)
  A quokka (D:4)
58 creatures vanquished.

Vanquished Creatures (others)
  4 battlemagi
4 creatures vanquished.

Grand Total: 218 creatures vanquished

Notes
Turn   | Place    | Note
-------+----------+-------------------------------------------
     0 | D:1      | pkoi the Draconian Monk began the quest for the Orb.
     0 | D:1      | Reached XP level 1. HP: 19/19 MP: 1/1
   161 | D:1      | Reached XP level 2. HP: 26/26 MP: 2/2
   945 | D:2      | Found a faded altar of an unknown god.
   951 | D:2      | Noticed Terence
  1161 | D:2      | Reached XP level 3. HP: 33/33 MP: 3/3
  1163 | D:2      | Learned a level 1 spell: Beastly Appendage
  1194 | D:2      | Reached skill level 4 in Unarmed Combat
  2091 | D:2      | Reached XP level 4. HP: 26/40 MP: 3/5
  2360 | D:3      | Reached skill level 1 in Spellcasting
  2360 | D:3      | Reached skill level 1 in Transmutations
  2928 | D:3      | Reached XP level 5. HP: 35/46 MP: 5/7
  2933 | D:3      | Reached skill level 5 in Unarmed Combat
  4056 | D:4      | Found a staircase to the Ecumenical Temple.
  4069 | Temple   | Entered the Ecumenical Temple
  4279 | Temple   | Became a worshipper of Hepliaklqana the Forgotten
  4279 | Temple   | Reached * piety under Hepliaklqana
  4279 | Temple   | Reached ** piety under Hepliaklqana
  4280 | Temple   | Remembered your ancestor Cia as a battlemage
  4378 | D:4      | Noticed Blork the orc
  4384 | D:4      | Killed Blork the orc
  4385 | D:4      | Reached XP level 6. HP: 42/46 MP: 9/9
  4567 | D:4      | Reached skill level 6 in Unarmed Combat
  4680 | D:4      | Your scales start taking on a rich purple colour.
  4680 | D:4      | Reached XP level 7. HP: 52/52 MP: 12/12
  5263 | D:5      | Entered Level 5 of the Dungeon
  5398 | D:5      | Reached skill level 7 in Unarmed Combat
  5474 | D:5      | Noticed Sigmund
  5480 | D:5      | Killed Sigmund
  5481 | D:5      | Reached XP level 8. HP: 34/59 MP: 14/14
  5940 | D:5      | Reached skill level 5 in Spellcasting
  5987 | D:5      | Reached skill level 8 in Unarmed Combat
  6382 | D:5      | Found a burning altar of Makhleb.
  6659 | D:6      | Reached *** piety under Hepliaklqana
  6678 | D:6      | Reached skill level 5 in Transmutations
  7100 | D:6      | Reached skill level 1 in Invocations
  7201 | D:6      | Noticed Maggie
  7211 | D:6      | Killed Maggie
  7212 | D:6      | Reached XP level 9. HP: 64/64 MP: 16/18
  7589 | D:7      | Found a flagged portal.
  7699 | Bailey   | Entered a bailey
  7751 | Bailey   | Reached skill level 5 in Fighting
  7760 | Bailey   | Reached skill level 9 in Unarmed Combat
  7937 | Bailey   | Learned a level 2 spell: Wereblood
  7959 | Bailey   | Noticed Prince Ribbit
  7974 | Bailey   | Killed Prince Ribbit
  8136 | Bailey   | Noticed a vault guard
  8182 | D:7      | Reached XP level 10. HP: 73/74 MP: 21/21
  8979 | D:7      | Reached **** piety under Hepliaklqana
  9757 | D:8      | Reached skill level 10 in Unarmed Combat
 10027 | D:8      | Found Somiurch's Antique Armour Shoppe.
 10210 | D:8      | Found a glowing golden altar of the Shining One.
 10608 | D:8      | Learned a level 4 spell: Leda's Liquefaction
 10611 | D:9      | Found Cuufef's Armour Emporium.
 10611 | D:9      | Found a staircase to the Orcish Mines.
 10637 | D:9      | Found Nuoh's Neck Hole.
 10706 | D:9      | Found a blossoming altar of Fedhas.
 10709 | D:9      | Found an ancient bone altar of Kikubaaqudgha.
 10840 | D:9      | Reached skill level 1 in Hexes
 10840 | D:9      | Reached skill level 1 in Earth Magic
 11763 | D:10     | Entered Level 10 of the Dungeon
 11854 | D:10     | Learned a level 3 spell: Summon Guardian Golem
 11857 | D:10     | Found Rosuofa's Antique Armour Emporium.
 11900 | D:10     | Reached XP level 11. HP: 73/85 MP: 23/23
 11953 | D:10     | Noticed a two-headed ogre
 11955 | D:10     | Reached skill level 1 in Summonings
 11962 | D:10     | Killed a two-headed ogre
 11988 | D:10     | Noticed a boulder beetle
 12005 | D:10     | Annihilated by a boulder beetle

Illustrated notes

Levels and vault maps discovered:
D:1:      nzn_arrival_settlement, layout_loops_ring
D:2:      layout_basic, hellmonk_ecumenical_altar_arch_garden, uniq_terence
D:3:      layout_basic, st_stairs_11
D:4:      minmay_chambers_of_twos, layout_basic,
          minmay_temple_entry_drinking_statues, uniq_blork_the_orc
D:5:      kennysheep_six_static_rooms, layout_basic, lightli_temple_of_fire,
          uniq_sigmund
D:6:      layout_loops_ring, uniq_maggie
D:7:      layout_basic, enter_bailey_2
D:8:      layout_basic, pf_just_have_faith, serial_shops, nicolae_shop_crystal,
          grunt_ministairs_8
D:9:      layout_loops_ring, grunt_temple_overflow_growth_and_decay,
          orc_david_3, corexii_leaking_fountain,
          nicolae_shop_sticking_my_neck_out
D:10:     layout_loops_ring, serial_shops, nicolae_shop_hallway_plus,
          uniq_harold
Temple:   hc_temple_tempest_star

Skill      XL: |  1  2  3  4  5  6  7  8  9 10 11 |
---------------+----------------------------------+-----
Unarmed Combat | 4 5 6 7 8 9 10 | 10.9
Spellcasting   | 1 2 3 4 6 7 8 |  8.0
Transmutations | 1 2 3 4 5 6 7 |  7.2
Fighting       | 4 6 8 |  8.3
Invocations    | 2 3 |  3.0
Hexes          | 2 3 |  3.1
Earth Magic    | 2 |  2.9
Summonings     | 1 |  1.5
Dodging        | |  2.6
Stealth        | |  1.7

Action                   |  1- 3 |  4- 6 |  7- 9 | 10-12 || total
-------------------------+-------+-------+-------+-------++-------
Melee: Unarmed           |   125 |    47 |    92 |   164 ||   428
       Tailslap          |    16 |    16 |    30 |    27 ||    89
       Punch             |     4 |     1 |    12 |    11 ||    28
       Kick              |     4 |    13 |    17 |    18 ||    52
       Headbutt          |     3 |     9 |     6 |    14 ||    32
       Spear             |       |    89 |    96 |    15 ||   200
       Scythe            |       |       |    12 |       ||    12
 Cast: Beastly Appendage |     5 |    10 |     1 |     6 ||    22
       Wereblood         |       |       |     1 |     1 ||     2
       Summon Guardian G |       |       |       |     1 ||     1
Invok: Ancestor Life: Ba |       |     1 |       |       ||     1
       Ancestor Identity |       |     1 |       |       ||     1
 Abil: Breathe Dispellin |       |       |       |     1 ||     1
  Use: Scroll            |     3 |     4 |     8 |     2 ||    17
       Potion            |     1 |       |       |       ||     1
 Stab: Sleeping          |     6 |     1 |     6 |     3 ||    16
       Invisible         |     2 |       |       |       ||     2
       Distracted        |       |       |     4 |     1 ||     5
Armor: Skin              |    19 |    30 |    46 |    47 ||   142
Dodge: Dodged            |    81 |   102 |   129 |   134 ||   446
